 Dungeon Crawl Stone Soup version 0.18-a0-1721-gc4d1f22 (webtiles) character file.

127 Ace the Slasher (level 4, -1/30 HPs)
             Began as a High Elf Skald on Apr 9, 2016.
             Was a Follower of Zin.
             Slain by a hound (5 damage)
             ... on level 4 of the Dungeon.
             The game lasted 00:10:50 (4591 turns).

Ace the Slasher (High Elf Skald)                    Turns: 4591, Time: 00:10:51

Health: -1/30      AC:  4    Str: 12    XL:     4   Next: 85%
Magic:  6/8        EV: 11    Int: 16    God:    Zin [*.....]
Gold:   58         SH:  0    Dex: 14    Spells: 1 memorised, 6 levels left

rFire  . . .     SeeInvis .     a - +0 falchion
rCold  . . .     Gourm    .     b - +0 leather armour
rNeg   . . .     Faith    .     (no shield)
rPois  .         Spirit   .     (no helmet)
rElec  .         Dismiss  .     (no cloak)
rCorr  .         Reflect  .     j - +0 pair of gloves
SustAt .         Harm     .     (no boots)
MR     .....                    (no amulet)
Stlth  +.........               (no ring)
                                (no ring)

@: infused, very slightly contaminated, not resistant to hostile enchantments,
very unstealthy
A: no striking features
a: Recite, Donate Gold, Renounce Religion


You were on level 4 of the Dungeon.
You worshipped Zin.
Zin was aware of your devotion.
You were not hungry.

You visited 1 branch of the dungeon, and saw 4 of its levels.

You collected 131 gold pieces.
You donated 73 gold pieces to Zin.

Inventory:

Hand Weapons
 a - a +0 falchion (weapon)
Missiles
 w - 5 silver tomahawks
 x - a throwing net (quivered)
Armour
 b - a +0 leather armour (worn)
 h - a +3 leather armour
 j - a +0 pair of gloves (worn)
 m - a cursed -2 ring mail
Jewellery
 n - an uncursed ring of ice {unknown}
Scrolls
 e - 5 scrolls of remove curse {unknown}
 i - a scroll of magic mapping {unknown}
 k - 2 scrolls of teleportation {unknown}
 l - a scroll of immolation {unknown}
 o - a scroll of random uselessness {unknown}
 p - a scroll of fear {unknown}
 q - a scroll of identify {unknown}
 t - a scroll of amnesia {unknown}
 u - a scroll of fog {unknown}
Potions
 g - a potion of beneficial mutation {unknown}
 r - a potion of heal wounds {unknown}
 s - a potion of curing {unknown}
 v - a potion of degeneration {unknown}
Books
 c - a book of Battle

   Spells                             Type                      Level
   a - Infusion                       Charms                       1
   b - Shroud of Golubria             Charms/Translocation         2
   c - Song of Slaying                Charms                       2
   d - Spectral Weapon                Hexes/Charms                 3
   e - Regeneration                   Charms/Necromancy            3
Comestibles
 d - 4 bread rations
 f - 3 meat rations
 z - a royal jelly


   Skills:
 - Level 2.3 Fighting
 + Level 4.1 Long Blades
 * Level 3.2 Armour
 - Level 1.1 Dodging
 - Level 2.4 Spellcasting
 - Level 3.6 Charms


You had 6 spell levels left.
You knew the following spells:

 Your Spells              Type           Power        Failure   Level  Hunger
a - Infusion              Chrm           ##..         8%          1    #......


Dungeon Overview and Level Annotations

Branches:
Dungeon (4/15)
 Temple: D:4-7

Altars:
Elyvilon
Fedhas
Okawaru
Pakellas
Sif Muna
Vehumet
Xom
Zin


Message History

You hit the hound.
The hound is heavily wounded.
The hound bites you. The hound bites you but does no damage.
You hit the hound.
The hound is severely wounded.
The hound bites you. The hound barely misses you.
Casting: Infusion
Confirm with . or Enter, or press ? or * to list all spells.
You miscast Infusion.
You are very lightly contaminated with residual magic.
Strange energies run through your body. The hound bites you.
You miss the hound.
The hound is heavily wounded.
The hound misses you. The hound bites you.
* * * LOW HITPOINT WARNING * * *
Casting: Infusion
Confirm with . or Enter, or press ? or * to list all spells.
You begin infusing your attacks with magical energy.
The hound bites you.
You die...

#..'........+
#.##.....รท..#
#.##........#
#.##........#
#.##........# #
#.##........#
#.#.##........#
..###.#.###########
.......@h..#
.####.#.<..#
#.###### #


You could see a hound.

Vanquished Creatures
  Terence (D:2)
  5 adders
  An ooze (D:1)
  A worm (D:2)
  A giant gecko (D:2)
  3 orcs (D:3)
  5 bats
  4 giant cockroaches
  3 goblins (D:1)
  6 hobgoblins
  3 jackals (D:3)
  A quokka (D:2)
  2 giant newts
  5 kobolds
  10 rats
51 creatures vanquished.

Vanquished Creatures (others)
  2 goblins (D:1)
  A hobgoblin (D:1)
3 creatures vanquished.

Grand Total: 54 creatures vanquished

Notes
Turn   | Place    | Note
--------------------------------------------------------------
     0 | D:1      | Ace the High Elf Skald began the quest for the Orb.
     0 | D:1      | Reached XP level 1. HP: 14/14 MP: 4/4
    21 | D:1      | Reached skill level 1 in Armour
    56 | D:1      | Reached XP level 2. HP: 16/19 MP: 6/6
   547 | D:1      | Found an iron altar of Okawaru.
   597 | D:1      | Reached skill level 3 in Long Blades
  1203 | D:2      | Reached XP level 3. HP: 25/25 MP: 2/7
  1326 | D:2      | Noticed Terence
  2200 | D:2      | HP: 1/25 [quokka (4)]
  2865 | D:2      | Killed Terence
  2865 | D:2      | Reached XP level 4. HP: 16/30 MP: 0/8
  3540 | D:3      | HP: 1/30 [poisoned by an adder]
  3953 | D:3      | Found a deep blue altar of Sif Muna.
  3953 | D:3      | Found a blossoming altar of Fedhas.
  3953 | D:3      | Found a shimmering altar of Xom.
  3967 | D:3      | Found a radiant altar of Vehumet.
  3967 | D:3      | Found an oddly glowing altar of Pakellas.
  3967 | D:3      | Found a glowing silver altar of Zin.
  3974 | D:3      | Found a white marble altar of Elyvilon.
  4059 | D:3      | Reached skill level 4 in Long Blades
  4169 | D:3      | Became a worshipper of Zin the Law-Giver
  4169 | D:3      | Reached * piety under Zin
  4170 | D:3      | Donated 60 gold pieces to Zin
  4591 | D:4      | Slain by a hound

Vault maps used:
D:1:      saegor_arrival_miasma, okawaru_ov_weapons_minmay
D:2:      minmay_misc_feat_tiny, uniq_terence
D:3:      grunt_temple_overflow_open, first_bread

Skill      XL: |  1  2  3  4 |
---------------+-------------+-----
Armour         | 1 2 3 |  3.2
Long Blades    | 3 4 |  4.1
Fighting       | |  2.3
Dodging        | |  1.1
Spellcasting   | |  2.4
Charms         | |  3.6

Action                   |  1- 3 |  4- 6 || total
-------------------------+-------+-------++-------
Melee: Falchion          |   112 |    69 ||   181
 Cast: Infusion          |     7 |     5 ||    12
Invok: Donate Gold       |       |     1 ||     1
  Use: Potion            |       |     2 ||     2
  Eat: Chunk             |     5 |     2 ||     7
       Meat ration       |       |     1 ||     1
